 Dungeon Crawl Stone Soup version 0.28-a0-1143-gcf6077d4cc (webtiles) character file.

Game seed: 3286427768774413523

314 ytrimaz the Insei (level 6, -8/39 HPs)
             Began as an Octopode Transmuter on Dec 13, 2021.
             Mangled by a mummy (13 damage)
             ... in an ossuary.
             The game lasted 00:02:59 (3316 turns).

ytrimaz the Insei (Octopode Transmuter)             Turns: 3316, Time: 00:02:59

Health: -8/39      AC:  6    Str: 10    XL:     6   Next: 43%
Magic:  9/11       EV: 19    Int: 17    God:
Gold:   252        SH:  0    Dex: 17    Spells: 6/12 levels left

rFire   . . .      SeeInvis .     - Unarmed
rCold   . . .      Faith    .   (shield currently unavailable)
rNeg    . . .      Spirit   .   (helmet currently unavailable)
rPois   x          Reflect  .   (no amulet)
rElec   .          Harm     .   g - +4 ring of protection
rCorr   .          Rampage  .   (no ring)
Will    .....                   (no ring)
Stlth   ++........              (no ring)
HPRegen 0.13/turn               (no ring)
MPRegen 0.12/turn               (no ring)
                                (no ring)
                                (no ring)

@: spider-form
A: venomous fangs, almost no armour, (amphibious), 8 rings, tiny, (camouflage
1), (gelatinous body 1), (nimble swimmer 1), (tentacles)
a: End Transformation


You were in an ossuary.
You were a venomous arachnid creature.
You visited 1 branch of the dungeon, and saw 4 of its levels.
You also visited: Ossuary.

You collected 252 gold pieces.

Inventory:

Jewellery
 e - a ring of fire
 g - a +4 ring of protection (left front leg)
Wands
 i - a wand of iceblast (11)
Scrolls
 d - a scroll of amnesia
 k - a scroll of teleportation
Potions
 c - a potion of magic {unknown}
 f - a potion of brilliance {unknown}
 h - a potion of attraction {unknown}
 j - a potion of degeneration {unknown}


   Skills:
 * Level 2.3 Fighting
 - Level 2.0 Dodging
 + Level 4.3 Unarmed Combat
 * Level 3.8 Spellcasting
 * Level 3.7 Transmutations
 + Level 0.3 Poison Magic


You had 6 spell levels left.
You knew the following spells:

 Your Spells              Type           Power      Damage    Failure   Level
a - Beastly Appendage     Tmut           32%        N/A       12%         1
b - Wereblood             Tmut           16%        N/A       16%         2
c - Spider Form           Tmut/Pois      10%        N/A       43%         3

Your spell library contained the following spells:

 Spells                   Type           Power      Damage    Failure   Level
 Animate Skeleton         Necr           6%         N/A       34%         1
 Apportation              Tloc           6%         N/A       34%         1
 Summon Small Mammal      Summ           12%        N/A       34%         1
 Ice Form                 Ice/Tmut       9%         N/A       78%         4


Dungeon Overview and Level Annotations

Branches:
Dungeon (4/15)            Ossuary (1/1)
 Temple: D:4-7

Altars:

Shops:
D:3 (

Annotations:
D:3 1 runed translucent door, Crazy Yiuf


Innate Abilities, Weirdness & Mutations

You are a venomous arachnid creature.
You have poisonous fangs.
You are tiny and dextrous.
Your spellcasting is less reliable in this form.
Your armour is entirely melded.
You are incapable of wielding weapons or throwing items.
You cannot wear most types of armour.
((You are amphibious.))
You can wear up to eight rings at the same time.
((Your skin changes colour to match your surroundings (Stealth+).))
((Your rubbery body absorbs attacks. (AC +1, EV +1)))
((You are camouflaged near water. (Stealth+)))
((You have tentacles for arms and can constrict up to eight enemies at once.))


Message History

Your transformation has ended.
You start resting.
Magic restored.
You start resting.
HP restored.
A mummy comes into view.
Casting: Spider Form (quite dangerous; 22% risk of failure)
Confirm with . or Enter, or press ? or * to list all spells.
The spell is quite dangerous to miscast (22% risk of failure)!
Continue anyway? [Y]es or [N]o only, please.
The spell is quite dangerous to miscast (22% risk of failure)!
Continue anyway? [Y]es or [N]o only, please.
The spell is quite dangerous to miscast (22% risk of failure)!
Continue anyway? [Y]es or [N]o only, please.
The spell is quite dangerous to miscast (22% risk of failure)!
Continue anyway?
You turn into a venomous arachnid creature.
You hit the mummy.
The mummy is lightly damaged.
The mummy barely misses you.
Unknown command.
You hit the mummy.
The mummy is lightly damaged.
You hit the mummy but do no damage.
The mummy is lightly damaged.
The mummy closely misses you.
You hit the mummy but do no damage.
The mummy is lightly damaged.
The mummy hits you!
You hit the mummy but do no damage.
The mummy is lightly damaged.
You hit the mummy.
The mummy is moderately damaged.
The mummy hits you!
* * * LOW HITPOINT WARNING * * *
You hit the mummy.
The mummy is heavily damaged.
You hit the mummy.
The mummy is heavily damaged.
The mummy hits you!
You die...

##############
......Ms.....##
....####......##
.. ##..##......#
....##....##.....#
.................#
...............##
.............##
#........##+#
##......##


You could see a mummy.

Vanquished Creatures
  A black bear (D:3)
  Terence (D:3)
  An iguana (D:4)
  7 mummies (Ossuary)
  An adder (D:4)
  A worm (D:2)
  3 dart slugs
  3 endoplasms
  2 giant cockroaches (D:2)
  2 gnoll zombies (Ossuary)
  5 goblins
  5 hobgoblins
  2 jackals (D:1)
  4 quokkas
  3 ball pythons (D:2)
  7 bats
  10 frilled lizards
  A hobgoblin zombie (Ossuary)
  6 kobolds
  2 kobold zombies (Ossuary)
  3 orc zombies (Ossuary)
  9 rats
79 creatures vanquished.

Vanquished Creatures (others)
  4 fungi (D:3)
  5 plants (D:3)
9 creatures vanquished.

Grand Total: 88 creatures vanquished

Notes
Turn   | Place    | Note
-------+----------+-------------------------------------------
     0 | D:1      | ytrimaz the Octopode Transmuter began the quest for the
                  | Orb.
     0 | D:1      | Reached XP level 1. HP: 13/13 MP: 3/3
   295 | D:1      | Reached XP level 2. HP: 17/18 MP: 5/5
   398 | D:1      | Found a faded altar of an unknown god.
  1285 | D:2      | Reached XP level 3. HP: 21/23 MP: 6/6
  1355 | D:2      | Learned a level 2 spell: Wereblood
  1359 | D:2      | Learned a level 3 spell: Spider Form
  2188 | D:3      | Noticed a black bear
  2203 | D:3      | Killed a black bear
  2204 | D:3      | Reached XP level 4. HP: 14/29 MP: 4/8
  2204 | D:3      | Reached XP level 5. HP: 17/34 MP: 4/9
  2464 | D:3      | Found Icoimeon's Weapon Boutique.
  2540 | D:3      | Reached skill level 4 in Unarmed Combat
  2625 | D:3      | Noticed Terence
  2637 | D:3      | Killed Terence
  2763 | D:3      | Found a runed translucent door.
  2764 | D:3      | Noticed Crazy Yiuf
  3150 | D:4      | Found a sand-covered staircase.
  3156 | D:4      | Identified the +1 leather armour of Tomorrow {+Blink MP+9
                  | Slay+4}
  3167 | Ossuary  | Entered an ossuary
  3176 | Ossuary  | Reached XP level 6. HP: 39/39 MP: 7/11
  3316 | Ossuary  | Mangled by a mummy

Illustrated notes

Levels and vault maps discovered:
D:1:      minmay_arrival_loop, layout_loops_ring, ebering_ecumenical_altar_box,
          minivault_5, bh_walls_and_bars
D:2:      layout_rooms, grunt_decor_mini_mirrors, grunt_decor_junction,
          minmay_misc_feat_tiny
D:3:      layout_rooms, serial_shops, nicolae_shop_behind_doors,
          minmay_lizard_king, uniq_crazy_yiuf_cottage, uniq_terence
D:4:      layout_rooms, nicolae_ossuary_entry_ruins
Ossuary:  ossuary_tomb_3

Skill      XL: |  1  2  3  4  5 |
---------------+----------------+-----
Spellcasting   | 3 |  3.8
Transmutations | 3 |  3.7
Fighting       | 2 |  2.3
Unarmed Combat | 4 |  4.3
Dodging        | |  2.0
Poison Magic   | |  0.3

Action                   |  1- 3 |  4- 6 || total
-------------------------+-------+-------++-------
Melee: Unarmed           |   106 |   100 ||   206
       Constrict         |    27 |    23 ||    50
       Tentacles         |    13 |     9 ||    22
       Punch             |     3 |     1 ||     4
       Kick              |     8 |    17 ||    25
 Cast: Beastly Appendage |    15 |     9 ||    24
       Spider Form       |     1 |     4 ||     5
       Wereblood         |       |     3 ||     3
  Use: Scroll            |     4 |     2 ||     6
       Potion            |       |     2 ||     2
 Stab: Sleeping          |    10 |       ||    10
       Distracted        |       |     1 ||     1
       Invisible         |       |     5 ||     5
Armor: Skin              |    23 |    17 ||    40
Dodge: Dodged            |    79 |    76 ||   155

Table legend: (Time is in decaauts)
 A = Elapsed time spent in this place.
 B = Non-inter-level travel time spent in this place.
 C = Inter-level travel time spent in this place.
 D = Time resting spent in this place.
 E = Time spent auto-exploring this place.
 F = Levels seen in this place.
 G = Mean time per level.
                   A        B        C        D        E       F      G
               +--------+--------+--------+--------+--------+-----+--------+
         Total |   3301 |   3209 |     92 |     37 |   2562 |   5 |  660.2 |
       Dungeon |   3156 |   3064 |     92 |      0 |   2532 |   4 |  789.0 |
       Ossuary |    145 |    145 |      0 |     37 |     30 |   1 |  145.0 |
               +--------+--------+--------+--------+--------+-----+--------+

Top non-repeatable levels by time:
     D:1: 1123 daAuts
     D:3: 968 daAuts
     D:2: 841 daAuts
     D:4: 223 daAuts
 Ossuary: 145 daAuts
